 Dungeon Crawl Stone Soup version 0.30-a0-1043-g60ff8d5f49 (webtiles) character file.

Game seed: 15254008531675977574

98679 bakla the Warrior (level 16, -14/141 HPs)
             Began as a Formicid Fighter on Apr 10, 2023.
             Was the Champion of Okawaru.
             Demolished by an ettin
             ... wielding a +0 dire flail
              (22 damage)
             ... on level 15 of the Dungeon.
             The game lasted 01:00:12 (21610 turns).

bakla the Warrior (Formicid Fighter)               Turns: 21610, Time: 01:00:13

Health: -14/141    AC: 22    Str: 35    XL:     16   Next: 73%
Magic:  25/25      EV: 12    Int:  8    God:    Okawaru [******]
Gold:   938        SH: 12    Dex: 13    Spells: 15/15 levels left

rFire   + . .      SeeInvis +    P - +3 battleaxe
rCold   . . .      Faith    +    q - +0 kite shield
rNeg    . . .      Spirit   .    w - +3 chain mail {rF+}
rPois   +          Reflect  .    (helmet unavailable)
rElec   .          Rampage  .    j - -1 cloak of Honour {Regen+ rCorr}
rCorr   +                        d - +0 pair of gloves "Welalew" {Str+6}
Will    +....                    (no boots) Stlth
                                 K - amulet of faith
HPRegen 1.23/turn                u - ring of poison resistance
MPRegen 0.19/turn                g - +4 ring of protection

@: silenced (expiring)
A: permanent stasis, dig shafts and tunnels, antennae 3, four strong arms
a: Dig, Shaft Self, Renounce Religion


You were on level 15 of the Dungeon.
You worshipped Okawaru.
Okawaru was exalted by your worship.
You visited 3 branches of the dungeon, and saw 21 of its levels.
You visited the Abyss 1 time.
You also visited: Volcano.

You collected 1681 gold pieces.
You spent 743 gold pieces at shops.

Inventory:

Hand Weapons
 a - a +2 war axe of venom
 o - a +4 war axe of flaming
 y - a +4 broad axe of freezing
 P - a +3 battleaxe (weapon)
Missiles
 b - 5 curare-tipped darts
 p - 34 poisoned darts
 G - a throwing net
 M - a javelin
Armour
 d - the +0 pair of gloves "Welalew" (worn) {Str+6}
   (You found it on level 2 of the Dungeon)

   Str:       It affects your strength (+6).
 j - the -1 cloak of Honour (worn) {Regen+ rCorr}
   (Okawaru gifted it to you on level 5 of the Lair of Beasts)

   Regen:     It increases your rate of health regeneration.
   rCorr:     It protects you from acid and corrosion.
 q - a +0 kite shield (worn)
 w - a +3 chain mail of fire resistance (worn)
 D - a +2 chain mail of willpower
Jewellery
 g - a +4 ring of protection (right hand)
 k - a ring of flight
 r - the ring "Buukishu" {rN+ MP+9 Dex-5 Slay+5}
   (You found it on level 10 of the Dungeon)

   [ring of magical power]

   Dex:       It affects your dexterity (-5).
   Slay:      It affects your accuracy & damage with ranged weapons and melee
   (+5).
   rN:        It protects you from negative energy.
   MP:        It affects your magic capacity (+9).
 u - a ring of poison resistance (left hand)
 K - an amulet of faith (around neck)
Wands
 i - a wand of flame (17)
 n - a wand of digging (12)
 z - a wand of mindburst (17)
 F - a wand of light (2)
 Q - a wand of roots (2)
Scrolls
 m - 4 scrolls of fog
 s - 6 scrolls of identify
 C - a scroll of noise
 H - a scroll of poison
 I - 2 scrolls of amnesia
 J - 2 scrolls of enchant weapon
 L - 2 scrolls of fear
Potions
 c - a potion of mutation
 e - a potion of lignification
 f - 9 potions of curing
 h - 3 potions of ambrosia
 l - 2 potions of attraction
 t - 2 potions of flight
 v - 5 potions of heal wounds
 x - a potion of might
 A - a potion of magic
 O - 2 potions of brilliance


   Skills:
 + Level 17.2 Fighting
 + Level 16.2 Axes
 + Level 13.7 Armour
 + Level 8.6 Dodging
 - Level 11.5 Shields
 + Level 13.1 Invocations


You had 15 spell levels left.
You didn't know any spells.
Your spell library contained the following spells:

 Spells                   Type           Power      Damage    Failure   Level
 Beastly Appendage        Tmut           0%         N/A       88%         1
 Magic Dart               Conj           0%         1d3       88%         1
 Scorch                   Fire           0%         2d5       96%         2
 Sublimation of Blood     Necr           0%         N/A       96%         2
 Wereblood                Tmut           0%         N/A       96%         2
 Dazzling Flash           Conj/Hex       0%         N/A       99%         3
 Mephitic Cloud           Conj/Pois/Air  0%         N/A       99%         3
 Ozocubu's Armour         Ice            0%         N/A       99%         3
 Portal Projectile        Hex/Tloc       0%         N/A       99%         3
 Spider Form              Tmut/Pois      0%         N/A       99%         3
 Vhi's Electric Charge    Tloc/Air       0%         N/A       99%         3
 Flame Wave               Conj/Fire      0%         2d4       100%        4
 Agony                    Necr           0%         N/A       100%        5
 Arcjolt                  Conj/Air       0%         1d10      100%        5
 Blade Hands              Tmut           0%         N/A       100%        5
 Metabolic Englaciation   Hex/Ice        0%         N/A       100%        5
 Silence                  Hex/Air        0%         N/A       100%        5
 Ozocubu's Refrigeration  Ice            0%         4d7       100%        7
 Maxwell's Capacitive Co  Air            0%         ∞         100%        8
 Polar Vortex             Ice            0%         N/A       100%        9
 Call Imp                 Summ           Unusable   N/A       N/A         2
 Tukima's Dance           Hex            Unusable   N/A       N/A         3
 Simulacrum               Ice/Necr       Unusable   N/A       N/A         6
 Summon Cactus Giant      Summ           Unusable   N/A       N/A         6
 Summon Hydra             Summ           Unusable   N/A       N/A         7

Dungeon Overview and Level Annotations

Branches:
Dungeon (15/15)            Temple (1/1) D:7            Lair (5/5) D:9
 Shoals (0/4) Lair:2        Snake (0/4) Lair:3        Slime (0/5) Lair:5
    Orc (0/2) D:10         Vaults (0/5) D:14        Volcano (visited)
 Depths: D:15

Altars:
Ashenzari
Cheibriados
Dithmenos
Elyvilon
Fedhas
Gozag
Makhleb
Nemelex Xobeh
Okawaru
Qazlal
Ru
Sif Muna
Trog
Vehumet
Wu Jian
Xom
Yredelemnul
Zin
The Shining One

Shops:
D:4 *   D:7 :   D:8 *   D:10 [((?

Annotations:
D:9 1 transporter


Innate Abilities, Weirdness & Mutations

You cannot be hasted, slowed, berserked, paralysed or teleported.
You can dig through walls and to a lower floor.
You have a pair of large antennae on your head. (SInv)
Your four strong arms can wield two-handed weapons with a shield.


Message History

You closely miss the deep troll.
The deep troll is almost dead.
The deep troll closely misses you. You block the deep troll's attack.
The deep troll barely misses you.
You slash the deep troll!
You kill the deep troll!
Okawaru accepts your kill.
The troll leather armour is intact enough to wear.
You slash the ettin!
The ettin is lightly wounded.
The ettin barely misses you.
The ettin hits you with a +0 dire flail!!
* * * LOW HITPOINT WARNING * * *
You slash the ettin!
The ettin is moderately wounded.
You slash the ettin!
The ettin is heavily wounded.
You block the ettin's attack. x2
You slash the ettin!
The ettin is severely wounded.
The ettin hits you with a +0 dire flail!
* * * LOW HITPOINT WARNING * * *
The ettin hits you with a +0 dire flail!!
* * * LOW HITPOINT WARNING * * *
Unknown command.
You slice the ettin!!
The ettin is almost dead.
You block the ettin's attack.
The ettin hits you with a +0 dire flail!!
* * * LOW HITPOINT WARNING * * *
Aiming: Bolt of Light
Press: ? - help, Shift-Dir - straight line, f - ettin
Aim: an ettin, wielding two +0 dire flails (almost dead, 94% to hit)
The bolt of light hits the ettin but does no damage.
The ettin is almost dead.
The ettin is blinded.
The bolt of light hits the deep troll!
The deep troll is moderately wounded.
You block the ettin's attack.
The ettin hits you with a +0 dire flail!!
You die...

.. #.. ..# .. ..# .. ..#
.######+#. ..# .........
..# #........ ..# #@# ..#
#C# .... ).# ......'T# ...#
..##############.# ....#
..)†.............###+#....#
.##########...............
.#........+...........C#.#.
.'...<....#...............#
.#........#.........).....#


You could see an ettin (blind) and a deep troll.

Vanquished Creatures
  A bone dragon (Abyss:1)
  A tentacled starspawn (Abyss:1)
  Gastronok (Lair:1)
  An ironbound preserver (D:14)
  A very ugly thing (Abyss:1)
  Josephine (D:11)
  A fire dragon (Volcano)
  A yaktaur captain (D:15)
  Harold (D:11)
  10 hydras
  A catoblepas (Lair:5)
  2 ogre magi (D:15)
  A boulder beetle (D:13)
  2 centaur warriors (D:13)
  4 two-headed ogres
  5 tengu warriors
  A hell hog (Volcano)
  2 thrashing horrors (Abyss:1)
  Nergalle (D:11)
  Sonja (D:10)
  Urug (D:10)
  5 skeletal warriors
  6 skysharks
  A deep troll (D:15)
  3 large abominations (Abyss:1)
  2 wizards (D:15)
  4 harpies (D:14)
  36 ugly things
  5 cyclopes
  A deep elf pyromancer (D:13)
  3 manticores
  13 elephants
  Maurice (D:9)
  2 molten gargoyles (Volcano)
  6 black mambas
  An orange demon (D:10)
  2 unseen horrors
  A centaur skeleton (Abyss:1)
  19 cane toads
  6 komodo dragons
  Psyche (D:10)
  3 gargoyles
  4 yaktaurs (D:15)
  2 kobold demonologists
  A queen bee (D:9)
  A freezing wraith (D:14)
  A meliai (shapeshifter) (Arena)
  A polar bear (Lair:3)
  5 trolls
  2 hornets
  22 blink frogs
  5 slime creatures (D:15)
  Sigmund (D:6)
  3 vampires
  2 shadows
  7 wraiths
  11 fire bats (Volcano)
  24 yaks
  Grum (D:9)
  A basilisk (Lair:1)
  2 steam dragons
  3 wyverns
  19 vampire mosquitoes
  Edmund (D:6)
  3 nagas (Lair:3)
  2 acid dragons
  2 hell hounds (Lair:4)
  11 water moccasins
  6 orc warriors
  A sky beast (D:8)
  3 ice beasts
  4 boggarts (D:15)
  17 wolves
  A small abomination (Abyss:1)
  5 centaurs
  A phantom (D:5)
  3 kobold brigands
  17 bullfrogs
  A gnoll sergeant (D:7)
  A scorpion (D:6)
  33 killer bees
  8 howler monkeys
  10 electric eels
  5 lava snakes (Volcano)
  5 hounds
  2 jellies
  4 gnoll boudas
  3 orc priests
  An iron imp (Abyss:1)
  3 iguanas
  Ijyb (D:5)
  Natasha (D:3)
  5 orc wizards
  Robin (D:2)
  6 adders
  22 gnolls
  2 shadow imps
  A white imp (D:8)
  An ufetubus (D:5)
  3 worms
  A dart slug (D:2)
  24 orcs
  7 endoplasms
  4 giant cockroaches
  17 goblins
  12 hobgoblins
  21 kobolds
  5 quokkas
  4 ball pythons
  4 bats
  2 frilled lizards (D:2)
  7 rats
583 creatures vanquished.

Vanquished Creatures (others)
  2 kobolds (D:10)
  25 fungi
  71 plants
  4 starspawn tentacles (Abyss:1)
102 creatures vanquished.

Grand Total: 685 creatures vanquished

Notes
Turn   | Place    | Note
-------+----------+-------------------------------------------
     0 | D:1      | bakla the Formicid Fighter began the quest for the Orb.
     0 | D:1      | Reached XP level 1. HP: 18/18 MP: 1/1
    97 | D:1      | Reached XP level 2. HP: 10/24 MP: 2/2
   535 | D:1      | Reached XP level 3. HP: 20/29 MP: 3/3
  1104 | D:2      | Identified the +0 pair of gloves "Welalew" {Str+6}
  1130 | D:2      | Found a faded altar of an unknown god.
  1504 | D:2      | Reached XP level 4. HP: 37/37 MP: 4/4
  2030 | D:3      | Reached skill level 4 in Fighting
  2063 | D:3      | Noticed Robin
  2279 | D:2      | Killed Robin
  2280 | D:2      | Reached XP level 5. HP: 34/42 MP: 5/5
  2424 | D:3      | Reached skill level 5 in Shields
  2697 | D:3      | Noticed Natasha
  2701 | D:3      | Killed Natasha
  3120 | D:4      | Reached XP level 6. HP: 46/49 MP: 6/6
  3544 | D:4      | Found Romeuz's General Store.
  3704 | D:4      | Bought a scroll of brand weapon for 133 gold pieces
  3704 | D:4      | Bought a wand of roots (3) for 100 gold pieces
  3809 | D:5      | Entered Level 5 of the Dungeon
  3843 | D:5      | Noticed Ijyb
  3854 | D:5      | Killed Ijyb
  3920 | D:5      | Noticed a yak
  3950 | D:5      | Killed a yak
  3951 | D:5      | Reached skill level 5 in Fighting
  3951 | D:5      | Reached skill level 5 in Armour
  3951 | D:5      | Reached XP level 7. HP: 40/56 MP: 7/7
  4050 | D:5      | Noticed a yak
  4051 | D:5      | Noticed a yak
  4051 | D:5      | Noticed a yak
  4051 | D:5      | Noticed a yak
  4056 | D:5      | Killed a yak
  4056 | D:5      | Killed a yak
  4056 | D:5      | Killed a yak
  4056 | D:5      | Killed a yak
  4057 | D:5      | Reached skill level 6 in Fighting
  4057 | D:5      | Reached skill level 5 in Axes
  4057 | D:5      | Reached XP level 8. HP: 64/64 MP: 8/8
  4481 | D:5      | Reached XP level 9. HP: 67/71 MP: 9/9
  4763 | D:5      | Found a broken altar of Ashenzari.
  5249 | D:6      | Noticed Sigmund
  5255 | D:6      | Killed Sigmund
  5256 | D:6      | Reached skill level 7 in Fighting
  5470 | D:6      | Noticed Edmund
  5490 | D:6      | Killed Edmund
  5909 | D:7      | Found God Jaco's Book Boutique.
  6114 | D:7      | Found a staircase to the Ecumenical Temple.
  6120 | Temple   | Entered the Ecumenical Temple
  6237 | Temple   | Became a worshipper of Warmaster Okawaru
  6562 | D:7      | Found a white marble altar of Elyvilon.
  6736 | D:8      | Found a shadowy altar of Dithmenos.
  6749 | D:8      | HP: 3/72 [acid dragon/splash of acid (28)]
  6751 | D:8      | Reached * piety under Okawaru
  6920 | D:8      | Identified a scroll of acquirement
  6920 | D:8      | Acquired a manual of Fighting
  6946 | D:8      | Noticed a hornet
  6949 | D:8      | Reached XP level 10. HP: 75/80 MP: 10/10
  6957 | D:8      | Reached skill level 8 in Fighting
  7093 | D:8      | Found Saboj's Serpentskin Sales.
  7578 | D:8      | Noticed an unseen horror
  7583 | D:8      | Killed an unseen horror
  7583 | D:8      | Reached ** piety under Okawaru
  7669 | D:8      | Bought a ring of poison resistance for 300 gold pieces
  7767 | D:9      | Noticed a two-headed ogre
  7878 | D:9      | Noticed Maurice
  7889 | D:9      | Killed Maurice
  7890 | D:9      | Reached skill level 9 in Fighting
  7890 | D:9      | Reached skill level 1 in Invocations
  7941 | D:9      | Found a staircase to the Lair.
  8000 | D:8      | Reached skill level 10 in Shields
  8083 | D:9      | Noticed a two-headed ogre
  8098 | D:9      | Killed a two-headed ogre
  8098 | D:9      | Reached *** piety under Okawaru
  8127 | D:9      | Noticed Grum
  8137 | D:9      | Killed Grum
  8188 | D:9      | Reached XP level 11. HP: 40/90 MP: 11/13
  8400 | D:9      | Reached skill level 10 in Fighting
  8444 | D:9      | Killed a two-headed ogre
  8579 | D:9      | Found a transporter.
  8646 | D:9      | Reached **** piety under Okawaru
  9263 | D:9      | Found a blossoming altar of Fedhas.
  9286 | D:9      | Found an opulent altar of Gozag.
  9467 | D:10     | Entered Level 10 of the Dungeon
  9899 | D:10     | Reached skill level 10 in Axes
 10088 | D:10     | Found Xireit's Antique Armour Shoppe.
 10112 | D:10     | Noticed Sonja
 10121 | Abyss:1  | Cast into level 1 of the Abyss (Sonja)
 10244 | Abyss:1  | Noticed a large abomination
 10274 | Abyss:1  | Killed a large abomination
 10275 | Abyss:1  | Reached skill level 1 in Dodging
 10379 | Abyss:1  | Noticed a tentacled starspawn
 10389 | Abyss:1  | Noticed a thrashing horror
 10403 | Abyss:1  | Killed a thrashing horror
 10404 | Abyss:1  | Reached skill level 11 in Fighting
 10414 | Abyss:1  | Killed a tentacled starspawn
 10415 | Abyss:1  | Reached skill level 5 in Invocations
 10420 | Abyss:1  | Noticed a red very ugly thing
 10433 | Abyss:1  | Killed a red very ugly thing
 10433 | Abyss:1  | Reached ***** piety under Okawaru
 10434 | Abyss:1  | Reached XP level 12. HP: 54/100 MP: 14/16
 10687 | Abyss:1  | Noticed a thrashing horror
 10694 | Abyss:1  | Killed a thrashing horror
 10715 | Abyss:1  | Noticed a daeva
 10751 | Abyss:1  | Noticed a bone dragon
 10790 | Abyss:1  | Killed a bone dragon
 10791 | Abyss:1  | Reached skill level 12 in Fighting
 10793 | D:10     | Escaped the Abyss
 10802 | D:10     | Killed Sonja
 11392 | D:10     | Found Ogix's Magic Scroll Emporium.
 11405 | D:10     | Found a staircase to the Orcish Mines.
 11629 | D:10     | Found Gosits's Antique Weapon Shop.
 11645 | D:10     | Found Mogattok's Weapon Shoppe.
 11682 | D:10     | Noticed Urug
 11690 | D:10     | Killed Urug
 11764 | D:10     | Reached skill level 10 in Armour
 11850 | D:10     | Identified the ring "Buukishu" {rN+ MP+9 Dex-5 Slay+5}
 11928 | D:10     | Noticed Psyche
 11942 | D:10     | Killed Psyche
 12013 | D:10     | Found a shimmering altar of Xom.
 12260 | Lair:1   | Entered Level 1 of the Lair of Beasts
 12281 | Lair:1   | Reached XP level 13. HP: 102/109 MP: 18/19
 12287 | Lair:1   | Reached skill level 13 in Fighting
 12292 | Lair:1   | Noticed Gastronok
 12320 | Lair:1   | Killed Gastronok
 12320 | Lair:1   | Identified the +0 kite shield of a ziggurat {Harm Drain
                  | rElec rC-} (Okawaru gifted it to you on level 1 of the Lair
                  | of Beasts)
 12320 | Lair:1   | Received a gift from Okawaru
 12806 | Lair:1   | Identified the staff of conjuration "Qelypyd" {rF- Str+2
                  | Dex+4}
 13143 | Lair:2   | Found a staircase to the Shoals.
 13306 | D:10     | Bought a shiny chain mail for 210 gold pieces
 13590 | Lair:2   | Found an opulent altar of Gozag.
 13916 | Lair:3   | Noticed a seven-headed hydra
 14236 | Lair:3   | Found a staircase to the Snake Pit.
 14243 | Lair:3   | Reached skill level 14 in Fighting
 14392 | Arena    | Entered the Arena
 14422 | Lair:3   | You fall into a shaft and drop 2 floors!
 14422 | Lair:5   | Entered Level 5 of the Lair of Beasts
 14531 | Lair:5   | Noticed a seven-headed hydra
 14540 | Lair:5   | Noticed a four-headed hydra
 14549 | Lair:5   | Killed a seven-headed hydra
 14549 | Lair:5   | Killed a four-headed hydra
 14572 | Lair:5   | Reached XP level 14. HP: 56/117 MP: 21/21
 14578 | Lair:5   | Identified the -1 cloak of Honour {Regen+ rCorr} (Okawaru
                  | gifted it to you on level 5 of the Lair of Beasts)
 14578 | Lair:5   | Received a gift from Okawaru
 14633 | Lair:5   | Reached skill level 5 in Dodging
 15214 | Lair:5   | Found a staircase to the Slime Pits.
 15262 | Lair:5   | Reached skill level 10 in Invocations
 15317 | Lair:5   | Reached skill level 15 in Fighting
 15505 | Lair:5   | Found the +7 lajatang of Order {silver, rMut}
 16015 | Lair:4   | Found a dark tunnel.
 16028 | Volcano  | Entered a volcano
 16381 | Volcano  | Found a radiant altar of Vehumet.
 16438 | Volcano  | Identified the +2 ring mail of the Wasteland {Dex+2}
                  | (Okawaru gifted it to you in a volcano)
 16438 | Volcano  | Received a gift from Okawaru
 16528 | Volcano  | Reached XP level 15. HP: 100/130 MP: 23/23
 17934 | D:11     | Noticed Josephine
 17958 | D:11     | Killed Josephine
 17959 | D:11     | Reached skill level 16 in Fighting
 18121 | D:11     | Reached skill level 15 in Axes
 18207 | D:11     | Noticed Nergalle
 18222 | D:11     | Killed Nergalle
 18277 | D:11     | Noticed Harold
 18293 | D:11     | Killed Harold
 19216 | D:13     | Found a snail-covered altar of Cheibriados.
 19905 | D:14     | Found a sacrificial altar of Ru.
 19994 | Arena    | Entered the Arena
 20033 | D:14     | Received a gift from Okawaru
 20084 | D:14     | Reached XP level 16. HP: 112/139 MP: 25/25
 20232 | D:14     | Received a gift from Okawaru
 20569 | D:14     | Found a gate to the Vaults.
 20602 | D:14     | Reached ****** piety under Okawaru
 20602 | D:14     | Received a gift from Okawaru
 20825 | D:14     | Reached skill level 17 in Fighting
 21075 | D:15     | Entered Level 15 of the Dungeon
 21103 | Arena    | Entered the Arena
 21254 | D:15     | Received a gift from Okawaru
 21609 | D:15     | HP: 7/141 [ettin/+0 dire flail (25)]
 21610 | D:15     | Demolished by an ettin

Illustrated notes

Levels and vault maps discovered:
D:1:      ncdulo_halloftheorcs, layout_basic
D:2:      layout_loops_cross, basic_ecumenical_altar, minmay_misc_feat_room
D:3:      layout_loops_corners, uniq_natasha, uniq_robin
D:4:      layout_layer_cave, serial_shops, shop_statue
D:5:      layout_basic, lemuel_coloured_pillars_altar, uniq_ijyb
D:6:      layout_basic, uniq_edmund, uniq_sigmund
D:7:      layout_basic, elyvilon_altar_3, minmay_temple_entry_statues_pillars,
          serial_shops, nicolae_shop_trees
D:8:      layout_cave_pods, nicolae_dithmenos_shadow_blocks, guppyfry_shop_venom
D:9:      layout_loops_ring, mainiacjoe_overflow_two_lobes, erik_lair_island,
          special_room [special_room_bee], kennysheep_crisscross,
          nicolae_diode_basic, uniq_grum, uniq_maurice
D:10:     erik_rubicon_b, layout_rooms, kennysheep_mini, david_orc_2,
          enter_bailey_5, serial_shops, nicolae_diamond_shop, shop, shop,
          shop_fountains, minmay_holes, minmay_fractal_squares_diagonal_5,
          uniq_sonja, uniq_urug, uniq_psyche
D:11:     layout_roguey, minmay_misc_feat_hallway, uniq_nergalle, uniq_harold,
          uniq_josephine
D:12:     layout_gridville
D:13:     layout_stronghold, cheibriados_altar_1
D:14:     layout_roguey, skrybe_vaults_entry_preservation,
          nicolae_ru_sacrificial_ziggurat, hangedman_aviary
D:15:     hangedman_depths_entry_civil_slaughter, layout_irregular_city,
          amethyst_killhole, minmay_shattered_shrine
Temple:   nicolae_temple_slightly_damp_pantheon
Lair:1:   layout_concentric_octagons, chequers_serial_rivers_small_b,
          infiniplex_staircase_pool, grunt_megastairs_1, uniq_gastronok
Lair:2:   layout_cave_shapes, elwin_shoals_entry_rocks, lemuel_centaur_altar,
          lemuel_fruit_fields, serial_bayou_shore_b
Lair:3:   layout_chaotic_city, nicolae_snake_entry_squirm
Lair:4:   layout_gridlike, enter_volcano_3
Lair:5:   minmay_lair_end_frog_pond, layout_gridlike, dpeg_slime_entry_enclosed,
          basic_altar, minivault_23, lookout_lair_type,
          chequers_serial_rivers_room_b

Skill      XL: |  1  2  3  4  5  6  7  8  9 10 11 12 13 14 15 16 |
---------------+-------------------------------------------------+-----
Fighting       | 4 5 6 7 9 11 12 14 15 16 17 | 17.2
Axes           | 3 4 5 7 9 10 12 13 14 15 16 | 16.2
Armour         | 4 5 6 7 8 9 10 11 12 13 | 13.7
Shields        | 5 6 7 9 10 11 | 11.5
Invocations    | 2 5 8 9 10 12 13 | 13.1
Dodging        | 1 2 4 6 7 8 |  8.6

Action                     |  1- 3 |  4- 6 |  7- 9 | 10-12 | 13-15 | 16-18 || total
---------------------------+-------+-------+-------+-------+-------+-------++-------
  Melee: War axe           |    95 |   161 |   166 |   471 |   862 |   158 ||  1913
         Unarmed           |       |       |       |       |    24 |       ||    24
         Battleaxe         |       |       |       |       |       |   121 ||   121
  Throw: Dart              |       |       |     2 |    11 |     1 |       ||    14
         Throwing net      |       |       |     2 |     2 |       |       ||     4
 Invoke: Heroism           |       |       |       |     9 |    12 |     1 ||    22
         Finesse           |       |       |       |     3 |       |       ||     3
         Duel              |       |       |       |       |     2 |     1 ||     3
Ability: Dig               |       |       |       |       |     3 |       ||     3
         Shaft Self        |       |       |       |       |     1 |       ||     1
  Evoke: Wand              |       |       |     6 |     4 |    13 |     1 ||    24
    Use: Potion            |     1 |       |     1 |     8 |     9 |       ||    19
         Scroll            |     2 |     9 |     8 |     5 |     7 |     4 ||    35
   Stab: Held in net/web   |       |       |     1 |       |       |       ||     1
         Paralysed         |       |       |       |     1 |       |       ||     1
         Petrified         |       |       |       |       |     3 |       ||     3
 Armour: Scale mail        |    29 |    68 |    17 |       |       |       ||   114
         Chain mail        |       |       |    19 |       |   268 |   149 ||   436
         Plate armour      |       |       |    13 |   216 |    47 |       ||   276
         Skin              |       |       |       |       |    65 |       ||    65
  Dodge: Dodged            |    35 |    70 |    54 |   129 |   294 |   108 ||   690
  Block: Buckler           |    30 |    33 |    14 |       |       |       ||    77
         Kite shield       |       |       |    60 |   297 |   477 |   156 ||   990

Table legend: (Time is in decaauts)
 A = Elapsed time spent in this place.
 B = Non-inter-level travel time spent in this place.
 C = Inter-level travel time spent in this place.
 D = Time resting spent in this place.
 E = Time spent auto-exploring this place.
 F = Levels seen in this place.
 G = Mean time per level.
                   A        B        C        D        E       F      G
               +--------+--------+--------+--------+--------+-----+--------+
         Total |  21570 |  20494 |   1076 |   3902 |  10776 |  26 |  829.6 |
       Dungeon |  15521 |  14658 |    863 |   2686 |   8451 |  15 | 1034.7 |
        Temple |    138 |    117 |     21 |      0 |     97 |   1 |  138.0 |
          Lair |   4519 |   4327 |    192 |   1088 |   1908 |   5 |  903.8 |
         Abyss |    638 |    638 |      0 |     92 |      0 |   1 |  638.0 |
       Volcano |    678 |    678 |      0 |     20 |    320 |   1 |  678.0 |
         Arena |     73 |     73 |      0 |     16 |      0 |   3 |   24.3 |
               +--------+--------+--------+--------+--------+-----+--------+

Top non-repeatable levels by time:
    D:10: 2084 daAuts
     D:9: 1909 daAuts
     D:3: 1389 daAuts
    D:14: 1232 daAuts
  Lair:5: 1220 daAuts
     D:8: 1193 daAuts
     D:1: 1094 daAuts
     D:5: 1074 daAuts
  Lair:3: 1055 daAuts
     D:6: 1051 daAuts
  Lair:4: 917 daAuts
     D:2: 887 daAuts
  Lair:1: 868 daAuts
     D:7: 696 daAuts
 Volcano: 678 daAuts
